 Dungeon Crawl Stone Soup version 0.29-a0-284-gf9362112df (webtiles) character file.

Game seed: 1296972649868076409

18891 spaghetti the Spry (level 12, -11/110 HPs)
             Began as a Demonspawn Berserker on Mar 28, 2022.
             Was an Elder of Trog.
             Killed from afar by a lindwurm (15 damage)
             ... with a blast of flame
             ... on level 3 of the Lair of Beasts.
             The game lasted 00:19:38 (14445 turns).

spaghetti the Spry (Demonspawn Berserker)          Turns: 14445, Time: 00:19:39

Health: -11/110    AC: 16    Str: 25      XL:     12   Next: 31%
Magic:  12/12      EV: 20    Int:  9      God:    Trog [****..]
Gold:   651        SH:  0    Dex: 20 (22) Spells: 11/11 levels left

rFire   x . .      SeeInvis .   t - +2 short sword (speed) {short}
rCold   + + .      Faith    .   (no shield)
rNeg    . . .      Spirit   .   I - +0 ice dragon scales
rPois   +          Reflect  .   (no helmet)
rElec   .          Harm     .   n - +0 cloak
rCorr   .          Rampage  .   u - +3 pair of gloves of Tup Vepu {Will+ Str+4 Stlth-}
Will    +....      Clarity  +   (no boots)
Stlth   ..........              (no amulet)
HPRegen 0.28/turn               H - +6 ring of dexterity
MPRegen 0.26/turn               C - ring of poison resistance

@: about to teleport
A: claws 1, icy blue scales 1, magic regeneration, condensation shield, talons
1, agile 1, clarity, deterioration 1, robust 1
a: Renounce Religion, Berserk, Trog's Hand, Brothers in Arms


You were on level 3 of the Lair of Beasts.
You worshipped Trog.
Trog was greatly pleased with you.
You visited 2 branches of the dungeon, and saw 12 of its levels.

You collected 651 gold pieces.


Innate Abilities, Weirdness & Mutations

You have sharp fingernails.
You are partially covered in icy blue scales. (AC +2)
You regenerate magic rapidly.
A meltable shield of frost defends you. (SH +0)
You have sharp toenails.
You are agile. (Dex +2)
You possess an exceptional clarity of mind.
Your body sometimes deteriorates upon taking damage.
You are robust. (+10% HP)


   Skills:
 + Level 11.3 Fighting
 - Level 6.5 Short Blades
 - Level 1.7 Armour
 * Level 16.6 Dodging
 - Level 3.4 Stealth


You had 11 spell levels left.
You didn't know any spells.
Your spell library contained the following spells:

 Spells                   Type           Power      Damage    Failure   Level
 Apportation              Tloc           0%         N/A       75%         1
 Ensorcelled Hibernation  Hex/Ice        0%         N/A       87%         2
 Passwall                 Tmut/Erth      0%         N/A       87%         2
 Sublimation of Blood     Necr           0%         N/A       87%         2
 Dazzling Flash           Conj/Hex       0%         N/A       98%         3
 Gell's Gravitas          Tloc           0%         N/A       98%         3
 Summon Guardian Golem    Hex/Summ       0%         N/A       98%         3
 Swiftness                Air            0%         N/A       98%         3
 Teleport Other           Tloc           0%         N/A       98%         3
 Animate Armour           Summ/Erth      0%         N/A       100%        4
 Iskenderun's Mystic Bla  Conj/Tloc      0%         2d3       100%        4
 Petrify                  Tmut/Erth      0%         N/A       100%        4
 Alistair's Intoxication  Tmut/Pois      0%         N/A       100%        5
 Blade Hands              Tmut           0%         N/A       100%        5
 Irradiate                Conj/Tmut      0%         3d14      100%        5
 Dispersal                Tloc           0%         N/A       100%        6
 Iron Shot                Conj/Erth      0%         9d1       100%        6
 Starburst                Conj/Fire      0%         6d3       100%        6
 Orb of Destruction       Conj           0%         9d5       100%        7
 Spellforged Servitor     Conj/Summ      0%         N/A       100%        7

Inventory:

Hand Weapons
 c - a +2 short sword of speed {short}
   (You found it on level 2 of the Lair of Beasts)
 m - a +4 quarterstaff of chaos {staff}
   (You took it off Crazy Yiuf on level 2 of the Dungeon)
 t - a +2 short sword of speed (weapon) {short}
   (You took it off a wight on level 8 of the Dungeon)
Missiles
 d - 331 stones (quivered) {throwing}
 f - 14 boomerangs {throwing}
 x - 27 poisoned darts {throwing}
Armour
 b - a +0 animal skin
 n - a +0 cloak (worn)
   (You took it off Crazy Yiuf on level 2 of the Dungeon)
 u - the +3 pair of gloves of Tup Vepu (worn) {Will+ Str+4 Stlth-}
   (You found it on level 4 of the Dungeon)

   Str:       It affects your strength (+4).
   Will:      It increases your willpower.
   Stlth:     It makes you less stealthy.
 y - a +1 robe
   (You took it off Sigmund on level 5 of the Dungeon)
 z - the +1 leather armour of the Boiling Point {Str+6}
   (You found it on level 5 of the Dungeon)

   Str:       It affects your strength (+6).
 I - +0 ice dragon scales (worn)
   (You found it on level 7 of the Dungeon)
Magical Staves
 M - a staff of cold {forbidden!astaff}
   (You found it on level 2 of the Lair of Beasts)
Jewellery
 s - a ring of positive energy
   (You found it on level 4 of the Dungeon)
 C - a ring of poison resistance (right hand)
   (You found it on level 2 of the Lair of Beasts)
 H - a +6 ring of dexterity (left hand)
   (You found it on level 7 of the Dungeon)
Wands
 p - a wand of flame (26)
   (You took it off Ijyb on level 3 of the Dungeon)
 v - a wand of charming (6)
   (You found it on level 4 of the Dungeon)
 A - a wand of polymorph (20)
   (You found it on level 5 of the Dungeon)
 B - a wand of acid (8)
   (You took it off Pikel on level 6 of the Dungeon)
 F - a wand of mindburst (14)
   (You took it off Maggie on level 6 of the Dungeon)
Scrolls
 e - a scroll of teleportation {@r4}
 g - 2 scrolls of fear
 h - 2 scrolls of amnesia
 l - 2 scrolls of enchant weapon
 q - 3 scrolls of enchant armour
 r - a scroll of noise {!r}
 w - a scroll of holy word {!r}
 J - a scroll of silence {!r}
 K - a scroll of magic mapping {!r}
Potions
 a - a potion of ambrosia
 i - a potion of invisibility
 j - 3 potions of haste {unknown}
 k - 3 potions of curing {@q1}
 o - 2 potions of attraction {!q}
 D - 2 potions of degeneration {unknown}
 E - 2 potions of flight {unknown}
 G - a potion of cancellation {unknown}
 N - a potion of might {unknown}

Dungeon Overview and Level Annotations

Branches:
Dungeon (9/15)             Temple (0/1) D:4            Lair (3/6) D:9
 Spider (0/4) Lair:2
  Swamp: Lair:2-4    Shoals: Lair:2-4       Orc: D:9-12

Altars:
Ashenzari
Cheibriados
Makhleb
Trog
Vehumet
Xom

Shops:
D:1 !   D:3 :   D:8 [

Portals:
Volcano: Lair:3

Annotations:
D:8 3 runed translucent doors, drugrobin's ghost, novice DgFi
Lair:2 3 runed translucent doors, Reubyar's ghost, journeyman MiBe
Lair:3 exclusion: lindwurm

..##.#...###†...######...#.###...
..#.........†....#.###...........
..##...................#.........
..# ..#..########.#####...##....
..## .#.# #######......#.#.#..#
...# ... #k≈∩###..P.###......#
..## .## #.≈..##..............
.... #.≈..###..####.....## ..#
#.≈§@# #### ####...# .# #..§.#
...# .# #§§§.# ... .# ##.≈§.# .#
#.§≈§## # #.≈≈.# ##.≈..# #§§≈§.#
#..≈≈.#


You could see a lindwurm (fleeing, catching breath).


Message History

You barely miss the wyvern.
The wyvern bites you but does no damage.
You closely miss the wyvern. The wyvern bites you.
You hit the wyvern but do no damage. You puncture the wyvern!
You punch the wyvern. The wyvern misses you.
You hit the wyvern. You claw the wyvern.
You kill the wyvern!
Trog accepts your kill.
No target in view!
No target in view!
No target in view!
No target in view!
No target in view!
No target in view!
No target in view!
No target in view!
No target in view!
No target in view!
No target in view!
No target in view!
No target in view!
No target in view!
You hear the rapid rumble of a distant avalanche of rocks.
B - a wand of acid (8) (gained 4 charges)
A lindwurm comes into view.
The lindwurm roars!
Found a dark tunnel.
A lindwurm is nearby! 😎 HP[+8]
Your hp is fully restored (110).
A lindwurm is nearby!
A lindwurm is nearby!
No reachable target in view!
A lindwurm is nearby!
A lindwurm is nearby!
A lindwurm is nearby!
No reachable target in view!
No reachable target in view!
No reachable target in view!
No reachable target in view!
No reachable target in view!
No reachable target in view!
No reachable target in view!
Why would you want to do that? The lindwurm breathes flames at you.
The blast of flame misses you.
Aiming: Iceblast
Press: ? - help, Shift-Dir - straight line, f - lindwurm
Aim: a lindwurm The mass of ice explodes!
The iceblast engulfs the lindwurm!
The lindwurm breathes flames at you. The blast of flame hits you!!
Your condensation shield dissipates!
The fire burns you terribly!
Your body deteriorates!
You feel clumsy. 😮 HP[-31]
You take 31 damage, and now have 79/110 hp.
MASSIVE DAMAGE!! (PAUSE)
Aiming: Iceblast
Press: ? - help, Shift-Dir - straight line, f/p - lindwurm
Aim: a lindwurm (lightly wounded)
The mass of ice explodes!
The iceblast engulfs the lindwurm!
You hear the rapid rumble of an avalanche of rocks.
Aiming: Iceblast
Press: ? - help, Shift-Dir - straight line, f/p - lindwurm
Aim: a lindwurm (moderately wounded)
The mass of ice explodes!
The iceblast engulfs the lindwurm!
The lindwurm breathes flames at you. The blast of flame hits you!!
The fire burns you terribly!
* * * LOW HITPOINT WARNING * * *
Your body deteriorates!
You feel clumsy. 😨 HP[-27]
You take 27 damage, and now have 52/110 hp.
MASSIVE DAMAGE!! (PAUSE)
Aiming: Iceblast
Press: ? - help, Shift-Dir - straight line, f/p - lindwurm
Aim: a lindwurm (heavily wounded)
The mass of ice explodes!
The iceblast engulfs the lindwurm!
The now-empty wand crumbles to dust.
The lindwurm breathes flames at you. The blast of flame hits you!!!
The fire burns you terribly!
* * * LOW HITPOINT WARNING * * *
😱 HP[-49]
You take 49 damage, and now have 3/110 hp.
MASSIVE DAMAGE!! (PAUSE)
Okay, then.
Okay, then.
Okay, then.
As you read the scroll of fear, it crumbles to dust.
You assume a fearsome visage.
The lindwurm looks frightened! 😱 HP[+1]
As you read the scroll of teleportation {@r4}, it crumbles to dust.
You feel strangely unstable.
Press: ? - help, v - describe, . - travel
Here: a lindwurm (severely wounded, fleeing)
The floor.
Placed new exclusion.
The lindwurm breathes flames at you. The blast of flame hits you!
The fire burns you terribly!
You die...

Skill      XL: |  1  2  3  4  5  6  7  8  9 10 11 12 |
---------------+-------------------------------------+-----
Short Blades   | 3 4 5 6 |  6.5
Stealth        | 2 3 |  3.4
Dodging        | 2 3 5 8 9 13 16 | 16.6
Fighting       | 5 7 9 10 11 | 11.3
Armour         | |  1.7

Action                   |  1- 3 |  4- 6 |  7- 9 | 10-12 || total
-------------------------+-------+-------+-------+-------++-------
Melee: Short sword       |    69 |   203 |   498 |   846 ||  1616
       Punch             |       |     4 |     5 |    14 ||    23
       Kick              |       |    50 |   177 |   345 ||   572
       Quarterstaff      |       |       |       |     9 ||     9
Throw: Stone             |     1 |       |     4 |       ||     5
Invok: Berserk           |     3 |     8 |    15 |    16 ||    42
Evoke: Wand              |       |       |     3 |     4 ||     7
  Use: Potion            |     2 |     1 |     1 |       ||     4
       Scroll            |     1 |       |     1 |    15 ||    17
 Stab: Sleeping          |     1 |     3 |     1 |       ||     5
       Confused          |       |       |       |     1 ||     1
Armor: Animal skin       |     9 |    35 |     5 |       ||    49
       Robe              |       |       |    15 |       ||    15
       Leather armour    |       |       |    68 |       ||    68
       Ice dragon scales |       |       |    10 |   176 ||   186
Dodge: Dodged            |    40 |    73 |   238 |   621 ||   972
Block: Other             |    11 |    22 |    42 |   126 ||   201

Levels and vault maps discovered:
D:1:      amcnicky_arrival_feature_with_door, layout_loops_ring,
          shapermc_ecumenical_altar_mp_vishouse, serial_shops,
          nicolae_lakefront_shop
D:2:      layout_rooms, uniq_crazy_yiuf_cottage, uniq_natasha
D:3:      layout_loops_ring, grunt_temple_overflow_lords_of_destruction,
          serial_shops, shop, roderic_filled_cross, uniq_ijyb
D:4:      layout_basic, minmay_temple_entry_water_ring, minivault_24,
          serial_park_tiny_1
D:5:      layout_cave_pods, amcnicky_altar_gilded,
          mainiacjoe_overflow_six_doors_small, uniq_sigmund
D:6:      layout_cave_pools, uniq_maggie, uniq_eustachio, uniq_pikel,
          uniq_duvessa
D:7:      layout_loops_cross, ashenzari_conservatory_becter
D:8:      layout_rooms, serial_shops, nicolae_shop_trees,
          gammafunk_ghost_spectres, enter_bailey_4, minivault_1
D:9:      layout_loops_cross, bloody_trog, lair_entry_dummy
Lair:1:   layout_cave_pods, ldierk_geyser, grunt_megastairs_4
Lair:2:   layout_roguey, hellmonk_spider_entry_life_and_decay,
          gammafunk_ghost_necromancy
Lair:3:   layout_loops_ring, nicolae_volcano_entry_vermiform,
          beast_lair_carwin_6

Notes
Turn   | Place    | Note
-------+----------+-------------------------------------------
     0 | D:1      | spaghetti the Demonspawn Berserker began the quest for the
                  | Orb.
     0 | D:1      | Reached XP level 1. HP: 18/18 MP: 1/1
     0 | D:1      | magus.rc [v1.9.6]
   267 | D:1      | Reached skill level 3 in Short Blades
   456 | D:1      | Gained mutation: A meltable shield of frost defends you.
                  | (SH +0) [demonic ancestry]
   456 | D:1      | Reached XP level 2. HP: 24/24 MP: 2/2
   557 | D:1      | Found a faded altar of an unknown god.
   677 | D:1      | HP: 5/24 [gnoll/+0 club (6)]
   680 | D:1      | Reached skill level 1 in Stealth
   687 | D:1      | HP: 3/24 [hobgoblin (3)]
   689 | D:1      | HP: 1/24 [hobgoblin (2)]
   690 | D:1      | Gained mutation: Your body sometimes deteriorates upon
                  | taking damage. [potion of mutation]
   690 | D:1      | Gained mutation: You are dopey. (Int -2) [potion of
                  | mutation]
   690 | D:1      | Gained mutation: You have a pair of small antennae on your
                  | head. [potion of mutation]
   696 | D:1      | HP: 1/24 [hobgoblin (3)]
  1005 | D:1      | You pick up a book of Spectacle {forbidden} and begin
                  | reading...
  1005 | D:1      | You add the spells Dazzling Flash, Iskenderun's Mystic
                  | Blast and Starburst to your library.
  1008 | D:1      | You pick up a book of Dangerous Friends {forbidden} and
                  | begin reading...
  1008 | D:1      | You add the spells Summon Guardian Golem, Orb of
                  | Destruction and Spellforged Servitor to your library.
  1139 | D:1      | Found Cushec's Distillery.
  1291 | D:2      | Noticed a phantom
  1301 | D:2      | Killed a phantom
  1302 | D:2      | Reached skill level 4 in Short Blades
  1302 | D:2      | Reached skill level 2 in Stealth
  1302 | D:2      | Gained mutation: You are partially covered in icy blue
                  | scales. (AC +2) [demonic ancestry]
  1302 | D:2      | Reached XP level 3. HP: 27/29 MP: 3/3
  1302 | D:2      | Reached XP level 4. HP: 33/35 MP: 4/4
  1520 | D:2      | Noticed Natasha
  1534 | D:2      | Killed Natasha
  1535 | D:2      | Reached skill level 2 in Dodging
  1650 | D:2      | Noticed Natasha
  1663 | D:2      | Killed Natasha
  1664 | D:2      | Reached XP level 5. HP: 15/41 MP: 5/5
  1666 | D:2      | Noticed Natasha
  1674 | D:2      | Killed Natasha
  2165 | D:2      | Found a runed translucent door.
  2166 | D:2      | Noticed Crazy Yiuf
  2278 | D:2      | Killed Crazy Yiuf
  2331 | D:3      | Lost mutation: You have a pair of small antennae on your
                  | head. [potion of mutation]
  2331 | D:3      | Lost mutation: You are dopey. (Int -2) [potion of mutation]
  2331 | D:3      | Gained mutation: You possess an exceptional clarity of
                  | mind. [potion of mutation]
  2331 | D:3      | Gained mutation: You have sharp toenails. [potion of
                  | mutation]
  2331 | D:3      | Gained mutation: You have hidden genetic potential. [potion
                  | of mutation]
  2466 | D:3      | Found Ruiqubbo's Book Shop.
  2522 | D:3      | Reached ** piety under Trog
  2589 | D:3      | Reached skill level 5 in Short Blades
  2589 | D:3      | Reached XP level 6. HP: 42/47 MP: 6/6
  2596 | D:3      | Reached skill level 3 in Dodging
  2739 | D:3      | Noticed Ijyb
  2747 | D:3      | Killed Ijyb
  2831 | D:3      | Reached skill level 3 in Stealth
  2840 | D:3      | Gained mutation: You are agile. (Dex +2) [hidden potential]
  2884 | D:3      | Found a burning altar of Makhleb.
  2885 | D:3      | Found a radiant altar of Vehumet.
  3507 | D:4      | Found a staircase to the Ecumenical Temple.
  3780 | D:4      | Reached XP level 7. HP: 47/52 MP: 7/7
  3872 | D:4      | Identified the +3 pair of gloves of Tup Vepu {Will+ Str+4
                  | Stlth-}
  3878 | D:4      | Reached skill level 4 in Dodging
  3974 | D:4      | Gained mutation: You are robust. (+10% HP) [hidden
                  | potential]
  3974 | D:4      | Lost mutation: You have hidden genetic potential. [hidden
                  | potential expressed]
  4259 | D:4      | Reached skill level 6 in Short Blades
  4652 | D:5      | Entered Level 5 of the Dungeon
  4667 | D:5      | Noticed Sigmund
  4677 | D:5      | Killed Sigmund
  4883 | D:5      | Found a shimmering altar of Xom.
  4932 | D:5      | Reached skill level 5 in Dodging
  4932 | D:5      | Gained mutation: You have sharp fingernails. [demonic
                  | ancestry]
  4932 | D:5      | Reached XP level 8. HP: 60/64 MP: 8/8
  5300 | D:5      | Found a snail-covered altar of Cheibriados.
  5380 | D:5      | Reached skill level 4 in Fighting
  5448 | D:5      | Reached *** piety under Trog
  5553 | D:5      | Identified the +1 leather armour of the Boiling Point
                  | {Str+6}
  5646 | D:5      | You pick up a book of Alchemy {forbidden} and begin
                  | reading...
  5646 | D:5      | You add the spells Sublimation of Blood, Petrify and
                  | Irradiate to your library.
  5827 | D:5      | Reached skill level 6 in Dodging
  5871 | D:5      | You pick up a book of Party Tricks {forbidden} and begin
                  | reading...
  5871 | D:5      | You add the spells Apportation and Alistair's Intoxication
                  | to your library.
  6140 | D:6      | Noticed Duvessa
  6142 | D:6      | Noticed Dowan
  6152 | D:6      | Killed Dowan
  6162 | D:6      | Killed Duvessa
  6259 | D:6      | Reached skill level 5 in Fighting
  6330 | D:6      | Reached skill level 7 in Dodging
  6383 | D:6      | You pick up a book of Burglary {forbidden} and begin
                  | reading...
  6383 | D:6      | You add the spells Passwall, Ensorcelled Hibernation and
                  | Swiftness to your library.
  6422 | D:6      | Noticed Eustachio
  6436 | D:6      | Killed Eustachio
  6441 | D:6      | Noticed Pikel
  6499 | D:6      | Killed Pikel
  6500 | D:6      | Reached skill level 8 in Dodging
  6500 | D:6      | Reached XP level 9. HP: 39/75 MP: 9/9
  6736 | D:6      | Reached skill level 6 in Fighting
  6744 | D:6      | You pick up a book of Iron {forbidden} and begin reading...
  6744 | D:6      | You add the spells Animate Armour, Blade Hands and Iron
                  | Shot to your library.
  6933 | D:6      | Noticed Maggie
  6945 | D:6      | Killed Maggie
  7499 | D:7      | Reached skill level 9 in Dodging
  7834 | D:7      | Reached skill level 7 in Fighting
  8044 | D:7      | Found a broken altar of Ashenzari.
  8460 | D:8      | Reached XP level 10. HP: 86/86 MP: 10/10
  8839 | D:8      | Found Afykkoewn's Antique Armour Emporium.
  8892 | D:8      | Reached skill level 10 in Dodging
  8992 | D:8      | Identified a scroll of acquirement
  8994 | D:8      | Acquired a manual of Dodging
  9145 | D:8      | Reached **** piety under Trog
  9327 | D:8      | Found a runed translucent gate.
  9328 | D:8      | Found a runed translucent gate.
  9329 | D:8      | Found a runed translucent gate.
  9346 | D:8      | Noticed drugrobin's ghost (novice DgFi)
  9525 | D:9      | You add the spells Gell's Gravitas, Teleport Other and
                  | Dispersal to your library.
  9526 | D:9      | Found a bloodstained altar of Trog.
  9541 | D:9      | Reached skill level 8 in Fighting
  9541 | D:9      | Reached skill level 11 in Dodging
  9845 | D:9      | Found a staircase to the Lair.
  9890 | Lair:1   | Entered Level 1 of the Lair of Beasts
 10117 | Lair:1   | Reached skill level 12 in Dodging
 10280 | Lair:1   | HP: 18/90 [blink frog (14)]
 10612 | Lair:1   | Reached skill level 13 in Dodging
 10617 | Lair:1   | Reached skill level 9 in Fighting
 10629 | Lair:1   | Reached XP level 11. HP: 89/97 MP: 11/11
 11038 | Lair:1   | Noticed a four-headed hydra
 11050 | Lair:1   | Killed a four-headed hydra
 11051 | Lair:1   | Reached skill level 14 in Dodging
 11299 | Lair:1   | Noticed a five-headed hydra
 11315 | Lair:1   | Killed a five-headed hydra
 11725 | Lair:1   | Reached skill level 15 in Dodging
 12264 | Lair:2   | Reached skill level 10 in Fighting
 12498 | Lair:2   | Found a runed translucent gate.
 12498 | Lair:2   | Found a runed translucent gate.
 12498 | Lair:2   | Found a runed translucent gate.
 12754 | Lair:2   | Found a hole to the Spider Nest.
 13039 | Lair:2   | Reached skill level 16 in Dodging
 13494 | Lair:2   | Gained mutation: You regenerate magic rapidly. [demonic
                  | ancestry]
 13494 | Lair:2   | Reached XP level 12. HP: 108/108 MP: 12/12
 13793 | Lair:2   | Noticed Reubyar's ghost (journeyman MiBe)
 13851 | Lair:3   | Reached skill level 11 in Fighting
 14433 | Lair:3   | Found a dark tunnel.
 14442 | Lair:3   | HP: 3/110 [lindwurm/blast of flame (49)]
 14445 | Lair:3   | Killed from afar by a lindwurm

Vanquished Creatures
  2 hydras (Lair:1)
  Pikel (D:6)
  5 elephants (Lair:2)
  A black mamba (Lair:2)
  5 cane toads
  Maggie (D:6)
  2 rime drakes (Lair:2)
  6 komodo dragons
  A troll (D:9)
  A hornet (D:9)
  7 blink frogs (Lair:1)
  11 yaks
  Sigmund (D:5)
  2 culicivoras (Lair:2)
  2 wyverns
  Eustachio (D:6)
  A steam dragon (D:8)
  3 water moccasins
  3 black bears
  2 orc warriors
  Duvessa (D:6)
  2 ice beasts
  4 ogres
  29 wolves
  A phantom (D:2)
  2 kobold brigands (D:7)
  A necrophage (D:6)
  11 bullfrogs
  3 scorpions
  12 wights
  Dowan (D:6)
  12 killer bees
  A crimson imp (D:3)
  3 hounds
  3 jellies
  Crazy Yiuf (D:2)
  2 gnoll shamans
  3 orc priests
  Ijyb (D:3)
  2 iguanas
  Natasha (thrice) (D:2)
  8 orc wizards
  11 adders
  9 gnolls
  A white imp (D:7)
  An ufetubus (D:6)
  A worm (D:3)
  2 dart slugs
  39 orcs
  3 endoplasms
  2 giant cockroaches
  8 goblins
  9 hobgoblins
  5 jackals
  3 quokkas
  3 ball pythons
  6 bats
  3 frilled lizards
  10 kobolds
  4 rats
284 creatures vanquished.

Vanquished Creatures (others)
  An adder (D:6)
  3 fungi (Lair:3)
  2 plants (Lair:3)
6 creatures vanquished.

Grand Total: 290 creatures vanquished

Table legend:
 A = Non-vault XP
 B = Vault XP
 C = Vault XP percentage of total XP
 D = Non-vault monster count
 E = Vault monster count
 F = Vault count percentage of total count
                 A         B        C        D         E       F
            +---------+---------+-------+---------+---------+-------
      Total |   22905 |    4083 |  15.1 |     264 |      21 |   7.4
            +---------+---------+-------+---------+---------+-------
        D:1 |      35 |       0 |   0.0 |      15 |       0 |   0.0
        D:2 |     194 |      76 |  28.1 |      15 |       2 |  11.8
        D:3 |     243 |      84 |  25.7 |      26 |       2 |   7.1
        D:4 |     391 |       0 |   0.0 |      23 |       0 |   0.0
        D:5 |     749 |     226 |  23.2 |      21 |       1 |   4.5
        D:6 |     764 |    1434 |  65.2 |      12 |       5 |  29.4
        D:7 |    1354 |       0 |   0.0 |      30 |       0 |   0.0
        D:8 |    1265 |      10 |   0.8 |      34 |       5 |  12.8
        D:9 |    1310 |       0 |   0.0 |      13 |       0 |   0.0
     Lair:1 |    5877 |    1801 |  23.5 |      28 |       4 |  12.5
     Lair:2 |    7029 |     452 |   6.0 |      23 |       2 |   8.0
     Lair:3 |    3694 |       0 |   0.0 |      24 |       0 |   0.0
            +---------+---------+-------+---------+---------+-------

Illustrated notes

Table legend:
 A = Kills in this place as a percentage of kills in entire the game.
 B = Kills by you in this place as a percentage of kills by you in the entire game.
 C = Kills by friends in this place as a percentage of kills by friends in the entire game.
 D = Other kills in this place as a percentage of other kills in the entire game.
 E = Experience gained in this place as a percentage of experience gained in the entire game.
 F = Experience gained in this place divided by the number of levels of this place that you have seen.
                   A       B       C       D       E      F
               +-------+-------+-------+-------+-------+----------------------
         Total | 100.0 | 100.0 |   N/A | 100.0 | 100.0 | 2249.0
       Dungeon |  71.6 |  71.5 |   N/A | 100.0 |  30.1 | 903.9
          Lair |  28.4 |  28.5 |   N/A |   0.0 |  69.9 | 6284.3
               +-------+-------+-------+-------+-------+----------------------

Table legend: (Time is in decaauts)
 A = Elapsed time spent in this place.
 B = Non-inter-level travel time spent in this place.
 C = Inter-level travel time spent in this place.
 D = Time resting spent in this place.
 E = Time spent auto-exploring this place.
 F = Levels seen in this place.
 G = Mean time per level.
                   A        B        C        D        E       F      G
               +--------+--------+--------+--------+--------+-----+--------+
         Total |  14111 |  13847 |    264 |   4286 |   7650 |  12 | 1175.9 |
       Dungeon |   9746 |   9515 |    231 |   2516 |   5591 |   9 | 1082.9 |
          Lair |   4364 |   4331 |     33 |   1770 |   2058 |   3 | 1454.7 |
               +--------+--------+--------+--------+--------+-----+--------+

Top non-repeatable levels by time:
  Lair:1: 2267 daAuts
  Lair:2: 1534 daAuts
     D:5: 1508 daAuts
     D:7: 1248 daAuts
     D:4: 1219 daAuts
     D:1: 1201 daAuts
     D:2: 1171 daAuts
     D:6: 1110 daAuts
     D:3: 1094 daAuts
     D:8: 821 daAuts
  Lair:3: 563 daAuts
     D:9: 373 daAuts
